 Dungeon Crawl Stone Soup version 0.30-a0-930-gb9d0489357 (webtiles) character file.

Game seed: 14805359711795030664

2893873 Monkooky the Shapeless Merfolk (level 26, 195/204 HPs)
             Began as a Merfolk Brigand on Mar 23, 2023.
             Was the Champion of Jiyva.
             Escaped with the Orb
             ... and 4 runes on Mar 24, 2023!
             The game lasted 03:18:55 (48403 turns).

Monkooky the Shapeless Merfolk (Merfolk Brigand)   Turns: 48403, Time: 03:18:56

Health: 195/204    AC: 28    Str: 17    XL:     26   Next: 18%
Magic:  41/42      EV: 40    Int: 24    God:    Jiyva [******]
Gold:   1524       SH:  0    Dex: 17    Spells: 16/56 levels left

rFire   + . .      SeeInvis .    d - melded staff of air
rCold   . . .      Faith    .    R - melded orb of Eporogis {*Rage, Int+4}
rNeg    + . .      Spirit   +    g - melded +2 robe {Archmagi}
rPois   ∞          Reflect  .    t - melded +0 mask of the Dragon {Will+ Slay+3 SInv}
rElec   +          Rampage  .    c - melded +2 cloak
rCorr   +                        T - melded +2 pair of gloves {Stlth+}
Will    +....                    M - melded +2 pair of boots
Stlth   +                        o - amulet "Ytayhex" {Spirit rF+}
HPRegen 2.14/turn                P - +4 ring of protection
MPRegen 0.78/turn                B - ring "Afut" {Drain rN+ Int+10 Dex-5 Slay+4, =R}

@: storm-form, flying, hasted, studying Axes, very quick
A: cleaving, insubstantial, flying, (nimble swimmer 2), (mertail), (fangs 1),
(iridescent scales 2), (large bone plates 3), agile 1, (deformed body), sense
surroundings 1, screaming 1, strong 1, (jelly sensing items)
0: Orb of Zot
}: 4/15 runes: decaying, slimy, abyssal, gossamer
a: Blinkbolt, End Transformation, Renounce Religion, Oozemancy, Slimify


You escaped.
You worshipped Jiyva.
Jiyva was exalted by your worship.
You were a lightning-filled tempest!
You visited 11 branches of the dungeon, and saw 52 of its levels.
You visited the Abyss 2 times.
You also visited: Volcano and Wizlab.

You collected 6787 gold pieces.
You spent 5263 gold pieces at shops.

Inventory:

Missiles
 e - 5 curare-tipped darts (quivered)
 x - 15 javelins
 W - 6 silver javelins
 Z - 4 throwing nets
Armour
 c - a +2 cloak (melded)
 g - a +2 robe of the Archmagi (melded)
 t - the +0 mask of the Dragon (melded) {Will+ Slay+3 SInv}
   (You found it on level 3 of the Elven Halls)

   Slay:      It affects your accuracy & damage with ranged weapons and melee
   (+3).
   SInv:      It lets you see invisible.
   Will:      It increases your willpower.
 M - a +2 pair of boots (melded)
 R - the orb of Eporogis (melded) {*Rage, Int+4}
   (You found it on level 4 of the Spider Nest)

   Int:       It affects your intelligence (+4).
 T - a +2 pair of gloves of stealth (melded)
Magical Staves
 d - a staff of air (melded)
Jewellery
 b - the ring "Riam" {rF+ rC++ rCorr Dex-2}
   (You bought it in a shop on level 4 of the Depths)

   [ring of resist corrosion]

   Dex:       It affects your dexterity (-2).
   rF:        It protects you from fire.
   rC:        It greatly protects you from cold.
   rCorr:     It protects you from acid and corrosion.
 o - the amulet "Ytayhex" (around neck) {Spirit rF+}
   (You found it on level 2 of the Dungeon)

   [amulet of guardian spirit]

   It causes incoming damage to be divided between your reserves of health and
   magic.
   rF:        It protects you from fire.
 p - the ring of Efucwyve {+Blink rElec Dex+6}
   (You found it on level 13 of the Dungeon)

   [ring of dexterity]

   Dex:       It affects your dexterity (+6).
   rElec:     It insulates you from electricity.
   +Blink:    It lets you blink.
 r - a +4 ring of slaying
 y - a +6 ring of intelligence
 B - the ring "Afut" (right fist) {Drain rN+ Int+10 Dex-5 Slay+4, =R}
   (You bought it in a shop on level 2 of the Elven Halls)

   [ring of slaying]

   Int:       It affects your intelligence (+10).
   Dex:       It affects your dexterity (-5).
   Slay:      It affects your accuracy & damage with ranged weapons and melee
   (+4).
   rN:        It protects you from negative energy.
   Drain:     It drains your maximum health when unequipped.
 P - a +4 ring of protection (left fist)
Wands
 l - a wand of digging (4)
 n - a wand of roots (7)
 D - a wand of quicksilver (26)
 K - a wand of paralysis (26)
 U - a wand of mindburst (3)
Scrolls
 a - 2 scrolls of enchant armour
 f - 12 scrolls of fear
 i - 16 scrolls of teleportation
 k - 12 scrolls of amnesia
 q - 7 scrolls of immolation
 G - 2 scrolls of blinking
 J - 5 scrolls of summoning
 N - 4 scrolls of fog
 O - a scroll of silence
 S - 7 scrolls of poison
 Y - a scroll of enchant weapon
Potions
 j - 11 potions of heal wounds
 m - 3 potions of lignification
 s - 22 potions of curing
 v - 7 potions of invisibility
 w - 10 potions of ambrosia
 z - 6 potions of cancellation
 A - 4 potions of haste
 C - 2 potions of might
 E - 4 potions of brilliance
 F - a potion of berserk rage {unknown}
 H - 2 potions of magic
 I - 6 potions of mutation
 Q - 3 potions of resistance
Miscellaneous
 h - a phial of floods
 u - a lightning rod (4/4)
 V - a box of beasts
 X - a tin of tremorstones (2/2)


   Skills:
 - Level 16.0 Fighting
 - Level 2.4 Short Blades
 - Level 2.0 Throwing
 - Level 21.6 Dodging
 - Level 4.3 Stealth
 + Level 25.2 Unarmed Combat
 - Level 15.7 Spellcasting
 - Level 2.6 Translocations
 O Level 27 Transmutations
 - Level 15.3 Air Magic
 - Level 10.0 Evocations


You had 16 spell levels left.
You knew the following spells:

 Your Spells              Type           Power      Damage    Failure   Level
a - Blink                 Tloc           62%        N/A       1%          2
b - Storm Form            Tmut/Air       44%        N/A       1%          7
c - Wereblood             Tmut           99%        N/A       0%          2
d - Spider Form           Tmut/Pois      70%        N/A       1%          3
e - Manifold Assault      Tloc           31%        N/A       10%         4
f - Yara's Violent Unrav  Hex/Tmut       35%        3d14      1%          5
g - Silence               Hex/Air        27%        N/A       3%          5
h - Apportation           Tloc           62%        N/A       1%          1
i - Eringya's Noxious Bo  Tmut/Pois      35%        N/A       1%          6
j - Alistair's Intoxicat  Tmut/Pois      46%        N/A       1%          5

Your spell library contained the following spells:

 Spells                   Type           Power      Damage    Failure   Level
 Beastly Appendage        Tmut           100%       N/A       0%          1
 Sting                    Tmut/Pois      100%       1d8       0%          1
 Swiftness                Air            75%        N/A       0%          3
 Blade Hands              Tmut           49%        N/A       0%          5
 Lesser Beckoning         Tloc           62%        N/A       1%          2
 Passwall                 Tmut/Erth      58%        N/A       1%          2
 Poisonous Vapours        Pois/Air       100%       N/A       1%          2
 Mephitic Cloud           Conj/Pois/Air  43%        N/A       1%          3
 Airstrike                Air            37%        2d(6-22)  1%          4
 Ice Form                 Ice/Tmut       70%        N/A       1%          4
 Petrify                  Tmut/Erth      70%        N/A       1%          4
 Summon Lightning Spire   Summ/Air       54%        N/A       1%          4
 Statue Form              Tmut/Erth      46%        N/A       1%          6
 Momentum Strike          Conj/Tloc      50%        3d9       2%          2
 Kiss of Death            Conj/Necr      72%        2d10      3%          1
 Necrotise                Necr           72%        1d7       3%          1
 Sandblast                Erth           36%        2d10      3%          1
 Slow                     Hex            72%        N/A       3%          1
 Summon Small Mammal      Summ           72%        N/A       3%          1
 Gell's Gravitas          Tloc           31%        N/A       3%          3
 Teleport Other           Tloc           31%        N/A       3%          3
 Plasma Beam              Fire/Air       27%        2x1d43    3%          5
 Ensorcelled Hibernation  Hex/Ice        36%        N/A       4%          2
 Sublimation of Blood     Necr           18%        N/A       4%          2
 Confusing Touch          Hex            18%        N/A       9%          3
 Dazzling Flash           Conj/Hex       36%        N/A       9%          3
 Hailstorm                Conj/Ice       18%        3d6       9%          3
 Inner Flame              Hex/Fire       18%        N/A       9%          3
 Stone Arrow              Conj/Erth      36%        3d9       9%          3
 Summon Guardian Golem    Hex/Summ       18%        N/A       9%          3
 Vampiric Draining        Necr           18%        2d7       9%          3
 Passage of Golubria      Tloc           31%        N/A       10%         4
 Iskenderun's Mystic Bla  Conj/Tloc      25%        2d7       17%         4
 Conjure Ball Lightning   Conj/Air       27%        3x3d8     19%         6
 Animate Armour           Summ/Erth      36%        N/A       28%         4
 Animate Dead             Necr           18%        N/A       28%         4
 Flame Wave               Conj/Fire      18%        2d7       28%         4
 Olgreb's Toxic Radiance  Pois           18%        N/A       28%         4
 Sticky Flame             Conj/Fire      18%        2d4       28%         4
 Summon Forest            Summ/Tloc      12%        N/A       43%         5
 Agony                    Necr           18%        N/A       63%         5
 Borgnjor's Vile Clutch   Necr/Erth      9%         N/A       63%         5
 Fireball                 Conj/Fire      9%         3d6       63%         5
 Iskenderun's Battlesphe  Conj           18%        2d7       63%         5
 Lee's Rapid Deconstruct  Erth           9%         3d7*      63%         5
 Dispersal                Tloc           15%        N/A       83%         6
 Death Channel            Necr           9%         N/A       99%         6
 Iron Shot                Conj/Erth      9%         9d3       99%         6
 Simulacrum               Ice/Necr       9%         N/A       99%         6
 Starburst                Conj/Fire      9%         6d5       99%         6
 Summon Cactus Giant      Summ           9%         N/A       99%         6
 Enfeeble                 Hex            9%         N/A       100%        7
 Malign Gateway           Summ/Tloc      12%        N/A       100%        7
 Orb of Destruction       Conj           9%         9d6       100%        7
 Ozocubu's Refrigeration  Ice            9%         4d9       100%        7
 Spellforged Servitor     Conj/Summ      9%         N/A       100%        7
 Summon Hydra             Summ           9%         N/A       100%        7
 Lehudib's Crystal Spear  Conj/Erth      9%         10d4      100%        8
 Chain Lightning          Conj/Air       27%        3d36      100%        9
 Dragon's Call            Summ           9%         N/A       100%        9
 Fire Storm               Conj/Fire      9%         8d2       100%        9
 Shatter                  Erth           9%         3d11*     100%        9


Dungeon Overview and Level Annotations

Branches:
Dungeon (15/15)            Temple (1/1) D:5            Lair (5/5) D:10
  Swamp (4/4) Lair:3       Spider (4/4) Lair:2        Slime (5/5) Lair:5
    Orc (2/2) D:11            Elf (3/3) Orc:2        Vaults (4/5) D:14
  Crypt (0/3) Vaults:2     Depths (4/4) D:15            Zot (5/5) Depths:4
Volcano (visited)          WizLab (visited)

Altars:
Ashenzari
Cheibriados
Dithmenos
Elyvilon
Fedhas
Gozag
Hepliaklqana
Kikubaaqudgha
Makhleb
Nemelex Xobeh
Okawaru
Qazlal
Ru
Sif Muna
Trog
Uskayaw
Vehumet
Wu Jian
Xom
Yredelemnul
Zin
The Shining One
Ignis
Jiyva

Shops:
D:5 *   D:12 :   Orc:2 [!(=   Elf:1 *   Elf:2 =(   Vaults:3 *   Vaults:4 ([
Depths:3 !   Depths:4 *

Portals:
Hell: Depths:1 Depths:2 Depths:3 Depths:4
Abyss: Depths:2 Depths:3
Pandemonium: Depths:2
Ziggurat: Depths:2

Annotations:
D:3 exclusion: downstairs
D:8 exclusions: hydra and orange demon, Amaemon
D:11 exclusion: downstairs
D:14 2 transporters, Cicylist's ghost, journeyman FoFi; Uummannaq's ghost, journeyman MiFi
Lair:2 exclusion: downstairs
Swamp:4 3 runed translucent doors, Ahup's ghost, adept MiFi; Fiugearo's ghost, adept MiFi; NinjaNoafa's ghost, adept DrIE; trep's ghost, journeyman MiFi
Slime:5 Royal Jelly
Elf:2 3 runed translucent doors


Innate Abilities, Weirdness & Mutations

You are a lightning-filled tempest!
Your electrical attacks strike out in all directions at once.
You are incredibly evasive.
Your insubstantial body is immune to petrification, constriction, and being set on fire You are flying.
You are immune to poison.
Your armour is entirely melded.
You are incapable of wielding weapons or throwing items.
((You are very nimble when in or above water. (Stealth+, EV+, Speed+++)))
((Your lower body shifts to a powerful aquatic tail in water.))
((You have very sharp teeth.))
((You are mostly covered in iridescent scales. (AC +4)))
((You are completely covered in large bone plates. (SH +8)))
You are agile. (Dex +4, Str/Int -1)
((Armour fits poorly on your strangely shaped body.))
You passively map a small area around you.
You occasionally shout uncontrollably at your foes.
Your muscles are strong. (Str +4, Int/Dex -1)
((You have a small jelly attached to you that senses nearby items.))


Message History

Your +2 pair of gloves of stealth melds into your body.
Your +2 pair of boots melds into your body.
The orb of Eporogis {*Rage, Int+4} melds into your body.
Your +2 robe of the Archmagi melds into your body.
You feel less stealthy.
You feel strangely numb.
(D) Dungeon (T) Temple (L) Lair (S) Swamp (N) Spider Nest (M) Slime Pits (O) Orcish Mines (E) Elven Halls (V) Vaults (C) Crypt (U) Depths (H) Hell (Z) Zot
Where to? (Enter - D:1, ? - help)
Okay, then.
A Hell Sentinel comes into view.
The Hell Sentinel completely misses you.
The Hell Sentinel closely misses you.
You blast the Hell Sentinel!!!
The Hell Sentinel is heavily wounded.
You hit the Hell Sentinel.
The Hell Sentinel is heavily wounded.
The Hell Sentinel gestures at you.
The sphere of damnation explodes!
The damnation engulfs you!!
The damnation engulfs the Hell Sentinel.
The Hell Sentinel completely resists.
You blast the Hell Sentinel!!!!
You kill the Hell Sentinel!
No target in view!
A profane servitor comes into view.
It is wielding a +1 vampiric demon whip.
The profane servitor moves out of view.
You feel yourself speed up.
Blink to where?
Press: ? - help, Dir - move target
As you read the scroll of blinking, it crumbles to dust.
Aiming: Dig
Press: ? - help, Shift-Dir - straight line You can't see that place. [a rock wall.]
The rock shatters into small pieces.
Blink to where?
Press: ? - help, Dir - move target
As you read the scroll of blinking, it crumbles to dust.
You have escaped!

#.##..............#
#.##..............#
#.##..............#
#.##........[.....#
#.##..............#
#.#############.### #.#
#.# #.# #.# ##.####
######v######
......#####...........#
..###....##+####'####+#
..# #.##.......|......#
..# #.#################
..# #.# ..# #†# ..# #.#
..# #.#


There were no monsters in sight!

Vanquished Creatures
  2 ancient liches (Zot:5)
  Mara (Swamp:4)
  3 orbs of fire the Lernaean hydra (Swamp:4)
  6 Killer Klowns
  6 golden dragons
  Hellbinder (WizLab)
  Nikola (Depths:1)
  2 bone dragons (Depths:4)
  A Tzitzimitl (Depths:2)
  8 tentacled monstrosities
  Rupert (Lair:4)
  2 electric golems (Zot:5)
  2 liches (Depths:2)
  24 Orb Guardians
  A Hell Sentinel (D:1)
  Asterion (Depths:1)
  Jorgrun (Swamp:3)
  A quicksilver dragon (Zot:4)
  2 deep elf blademasters (Elf:3)
  2 deep elf master archers (Elf:3)
  4 sphinxes
  An ancient champion (Vaults:2)
  3 tentacled starspawn (Abyss:3)
  Frances (Swamp:1)
  6 death cobs
  5 storm dragons
  4 shadow dragons
  2 thorn hunters
  4 tengu reavers
  4 draconian monks
  Gastronok (D:12)
  Roxanne (Spider:2)
  2 draconian knights (Zot:4)
  8 fire giants
  10 ghost moths
  15 vault wardens
  2 draconian scorchers
  6 deep elf sorcerers (Elf:3)
  6 frost giants
  2 balrugs (Depths:1)
  6 emperor scorpions
  2 demonspawn blood saints
  Aizul (Depths:1)
  4 deep elf elementalists (Elf:3)
  19 ironbound preservers
  5 spriggan defenders
  2 draconian stormcallers (Zot:3)
  2 draconian shifters
  Louise (Swamp:1)
  2 draconian annihilators
  36 very ugly things
  4 orc warlords
  6 ironbound thunderhulks
  4 war gargoyles
  3 broodmothers
  2 cacodemons
  A starflower (Abyss:3)
  A reaper (Depths:1)
  7 vampire knights
  5 black draconians
  6 green draconians
  Nessos (D:12)
  3 eleionomae
  8 stone giants
  A lorocyproca (WizLab)
  6 deep elf demonologists (Elf:3)
  4 deep elf annihilators
  11 red draconians
  4 white draconians
  18 dire elephants
  A demonspawn black sun (Depths:1)
  2 bunyips
  2 yellow draconians
  3 purple draconians
  3 spark wasps
  6 ettins
  2 minotaurs (D:13)
  2 blizzard demons (WizLab)
  4 crystal guardians
  A green death (WizLab)
  Josephine (D:11)
  6 entropy weavers
  A merfolk javelineer (Abyss:3)
  8 deep elf death magi
  6 fire dragons
  11 yaktaur captains
  A shambling mangrove (Swamp:4)
  2 deep elf high priests
  10 vault guards
  4 rakshasas
  Fannar (D:10)
  7 peacekeepers
  Harold (D:11)
  24 hydras
  3 ghost crabs
  6 ice dragons
  5 spriggan air magi
  Erolcha (Orc:1)
  A catoblepas (Lair:3)
  A hell beast (Depths:1)
  23 centaur warriors
  4 two-headed ogres
  A naga warrior (Abyss:3)
  8 boulder beetles
  2 jorogumos (Spider:4)
  Erica (D:10)
  13 ironbound frosthearts
  12 dancing weapons
  2 radroaches
  A satyr (Abyss:3)
  2 alligators
  4 tengu warriors
  6 death scarabs (Spider:4)
  7 deep troll shamans
  A hell hog (Abyss:3)
  6 deep troll earth magi
  Urug (D:14)
  8 death yaks
  3 orc high priests
  7 deep elf knights
  3 vampire magi
  13 hell knights
  3 sun demons (WizLab)
  4 spriggan berserkers (Depths:2)
  4 thrashing horrors (Abyss:3)
  Nergalle (D:10)
  Lodul (D:9)
  A salamander mystic (Depths:4)
  5 skysharks
  8 shadow wraiths
  10 skeletal warriors
  2 wretched stars (Abyss:3)
  14 pharaoh ants
  64 deep trolls
  9 iron trolls
  3 sixfirhies
  4 goliath frogs
  A death drake (Swamp:2)
  4 shadow demons
  5 spriggan druids
  10 orb spiders
  5 steelbarb worms
  5 harpies
  14 swamp dragons
  19 ironbound convokers
  4 phantasmal warriors
  7 wizards
  A flayed ghost (Depths:4)
  A spectral wolf spider (Spider:4)
  2 bog bodies (Swamp:3)
  6 necromancers
  22 orc knights
  18 lindwurms
  13 deep elf archers
  25 deep elf pyromancers
  14 deep elf zephyrmancers
  35 ugly things
  21 wolf spiders
  4 cyclopes
  6 manticores
  2 orc sorcerers
  A faun (shapeshifter) (Depths:3)
  3 salamanders (Depths:4)
  An iron dragon skeleton (D:15)
  A stone giant zombie (D:15)
  2 toenail golems
  2 worldbinders (Abyss:3)
  16 moths of wrath
  5 will-o-the-wisps
  A centaur zombie (Abyss:3)
  Maurice (D:8)
  22 elephants
  7 black mambas
  A stone giant skeleton (D:15)
  An apocalypse crab (Abyss:3)
  2 rust devils (WizLab)
  16 vault sentinels
  5 torpor snails
  A guardian serpent (Abyss:3)
  17 cane toads
  11 demonic crawlers
  3 gargoyles
  3 orange demons
  2 smoke demons
  5 rime drakes
  3 spectral redbacks (Spider:4)
  4 hellions
  8 komodo dragons
  3 unseen horrors
  41 yaktaurs
  3 ice devils (WizLab)
  2 tormentors
  3 redback zombies (Spider:4)
  4 tengu conjurers
  2 ancient zymes (Abyss:3)
  6 trolls
  7 tyrant leeches
  4 polar bears
  2 red devils (WizLab)
  3 hellwings
  A bloated husk (Swamp:2)
  A queen bee (Lair:1)
  28 tarantellas
  2 spectral tarantellas (Spider:4)
  A tarantella (shapeshifter) (D:14)
  A dream sheep (shapeshifter) (Depths:1)
  5 spectral jumping spiders (Spider:4)
  15 dream sheep
  A tarantella zombie (Spider:4)
  23 hornets
  17 blink frogs
  7 large abominations
  A culicivora zombie (Spider:4)
  4 air elementals
  26 spriggans
  A flying skull (Abyss:3)
  2 shadows
  40 jumping spiders
  2 centaur simulacra
  8 wraiths
  4 wyverns
  53 yaks
  31 culicivoras
  A ynoxinul (Abyss:3)
  A fire bat (shapeshifter) (Spider:4)
  A dire elephant simulacrum (Abyss:3)
  7 starcursed masses (Abyss:3)
  2 vampires
  16 humans (D:14)
  4 basilisks
  2 water elementals
  A small abomination (Abyss:3)
  24 fire elementals
  47 redbacks
  3 steam dragons
  The ghost of SirDiesAlot the Firebug, an amateur DsFE (D:3)
  32 vampire mosquitoes
  5 chaos spawn
  A neqoxec (WizLab)
  A glowing shapeshifter zombie (D:15)
  8 wargs
  14 swamp worms
  12 water moccasins
  3 hell hounds (Volcano)
  An ice beast (D:11)
  6 swamp drakes (Swamp:4)
  3 black bears
  42 orc warriors
  13 ogres
  2 wolves
  25 centaurs
  2 phantoms
  3 kobold brigands
  14 bullfrogs
  5 earth elementals
  2 elf zombies (Elf:1)
  A scorpion (D:5)
  13 wights
  30 killer bees
  11 electric eels
  6 howler monkeys
  A quasit (Abyss:3)
  A hound (D:7)
  15 orc priests
  2 gnoll boudas (D:9)
  12 human skeletons (Vaults:3)
  An iguana (D:3)
  Terence (D:2)
  3 sleepcaps
  17 orc wizards
  4 hell rats (Lair:5)
  25 gnolls
  6 adders
  4 white imps
  A worm (D:3)
  3 dart slugs
  93 orcs
  15 ball pythons
  5 bats
  6 endoplasms
  A giant cockroach (D:4)
  11 goblins
  5 hobgoblins
  7 jackals (D:1)
  21 kobolds
  5 quokkas
  5 frilled lizards
  4 rats
  5 starspawn tentacles (Abyss:3)
  A withered plant (D:15)
2105 creatures vanquished.

Vanquished Creatures (collateral kills)
  A moth of wrath (Zot:5)
1 creature vanquished.

Vanquished Creatures (others)
  An acid blob (Abyss:3)
  Kirke (D:13)
  A quicksilver ooze (Abyss:3)
  A deep elf demonologist (Elf:3)
  A yaktaur captain (Vaults:2)
  A hydra (Swamp:4)
  4 great orbs of eyes
  2 large abominations (Abyss:3)
  A deep troll (Vaults:2)
  2 glowing orange brains
  2 ironbound convokers
  An orc knight (Vaults:2)
  A shining eye (Abyss:3)
  A vault sentinel (Vaults:2)
  A black mamba (Abyss:3)
  4 yaktaurs
  A tengu conjurer (D:13)
  A troll (D:13)
  A troll (shapeshifter) (D:14)
  3 hornets
  16 slime creatures
  2 spriggans (Swamp:4)
  A fire bat (shapeshifter) (Elf:3)
  A yak (D:11)
  7 hogs (D:13)
  A vampire mosquito (Swamp:3)
  A swamp drake (Swamp:4)
  2 orc warriors
  89 jellies
  A quasit (Abyss:3)
  An orc wizard (Orc:2)
  An orc (Elf:1)
  28 foxfires
  25 fungi
  2 lurking horrors (Abyss:3)
  78 plants
  A starspawn tentacle (Abyss:3)
  5 toadstools (Swamp:1)
  6 withered plants
299 creatures vanquished.

Grand Total: 2405 creatures vanquished

Notes
Turn   | Place    | Note
-------+----------+-------------------------------------------
     0 | D:1      | Monkooky the Merfolk Brigand began the quest for the Orb.
     0 | D:1      | Reached XP level 1. HP: 16/16 MP: 1/1
   180 | D:1      | Reached XP level 2. HP: 16/23 MP: 2/2
   499 | D:1      | Reached XP level 3. HP: 29/29 MP: 3/3
  1200 | D:2      | Reached XP level 4. HP: 31/35 MP: 4/4
  1210 | D:2      | Identified the amulet "Ytayhex" {Spirit rF+}
  1309 | D:2      | Noticed Terence
  1414 | D:2      | Killed Terence
  1415 | D:2      | Reached skill level 1 in Unarmed Combat
  1483 | D:2      | Found a faded altar of an unknown god.
  1488 | D:2      | Prayed at the altar of an unknown god.
  1488 | D:2      | Became a worshipper of Ignis, the Dying Flame
  1760 | D:3      | Reached XP level 5. HP: 38/41 MP: 5/5
  1783 | D:3      | Found an ancient bone altar of Kikubaaqudgha.
  2281 | D:3      | Found a runed translucent gate.
  2285 | D:3      | Found a runed translucent gate.
  2285 | D:3      | Noticed SirDiesAlot's ghost (amateur DsFE)
  2286 | D:3      | Found a runed translucent gate.
  2286 | D:3      | Noticed a kobold brigand
  2698 | D:4      | Reached XP level 6. HP: 45/47 MP: 6/6
  2739 | D:4      | Reached skill level 1 in Spellcasting
  3074 | D:4      | Found an ornate altar of the Wu Jian Council.
  3189 | D:4      | Learned a level 2 spell: Blink
  3470 | D:4      | Reached skill level 1 in Translocations
  3497 | D:5      | Entered Level 5 of the Dungeon
  3497 | D:5      | Found a staircase to the Ecumenical Temple.
  3509 | Temple   | Entered the Ecumenical Temple
  3590 | D:5      | Reached XP level 7. HP: 50/52 MP: 6/9
  3598 | D:5      | Learned a level 7 spell: Storm Form
  3743 | D:5      | Reached skill level 1 in Transmutations
  3814 | D:4      | Reached skill level 2 in Transmutations
  3814 | D:4      | Reached skill level 1 in Air Magic
  3890 | D:4      | Reached skill level 3 in Transmutations
  4150 | D:5      | Reached skill level 5 in Unarmed Combat
  4334 | D:5      | Found Reluid's Assorted Antiques.
  4346 | D:5      | Bought a scroll labelled XEOXZE GORITO for 17 gold pieces
  4346 | D:5      | Bought 2 scrolls labelled XEOXZE GORITO for 34 gold pieces
  4346 | D:5      | Bought a scroll labelled SOXON KUBBUAHE for 17 gold pieces
  4346 | D:5      | Bought an amethyst potion for 15 gold pieces
  4346 | D:5      | Bought a scroll labelled SOXON KUBBUAHE for 17 gold pieces
  4346 | D:5      | Bought a scroll labelled SOXON KUBBUAHE for 17 gold pieces
  4346 | D:5      | Bought a green potion for 15 gold pieces
  4346 | D:5      | Bought a scroll labelled ARUAT MAGI MONEZO for 17 gold
                  | pieces
  4346 | D:5      | Bought a scroll of identify for 34 gold pieces
  4946 | D:6      | Reached XP level 8. HP: 58/58 MP: 10/10
  6813 | D:8      | Noticed Maurice
  7023 | D:8      | Reached skill level 1 in Evocations
  7130 | D:8      | Reached XP level 9. HP: 56/58 MP: 11/11
  7400 | D:8      | Reached skill level 10 in Unarmed Combat
  7592 | D:8      | Noticed a five-headed hydra
  7656 | D:8      | Noticed a two-headed ogre
  8001 | D:8      | Killed Maurice
  8002 | D:8      | Reached XP level 10. HP: 70/70 MP: 12/12
  8009 | D:8      | Noticed a gargoyle
  8017 | D:8      | Killed a two-headed ogre
  8044 | D:8      | Killed a gargoyle
  8291 | D:8      | Noticed Amaemon
  8898 | D:8      | Noticed an orange demon
  8981 | D:9      | Reached skill level 5 in Dodging
  9202 | D:9      | Noticed a green ugly thing
  9212 | D:9      | Killed a green ugly thing
  9314 | D:9      | Reached skill level 5 in Fighting
  9864 | D:9      | Noticed a centaur warrior
 10110 | D:9      | a centaur warrior changed into a komodo dragon
 10156 | D:9      | Noticed a deep elf pyromancer
 10233 | D:9      | Killed a deep elf pyromancer
 10234 | D:9      | Reached XP level 11. HP: 77/80 MP: 11/13
 10363 | D:10     | Entered Level 10 of the Dungeon
 10449 | D:10     | Noticed a two-headed ogre
 10468 | D:10     | Killed a two-headed ogre
 10496 | D:10     | Noticed Fannar
 10513 | D:10     | Found an iron altar of Okawaru.
 10514 | D:10     | Found a hazy altar of Hepliaklqana.
 10515 | D:10     | Found a stormy altar of Qazlal.
 10516 | D:10     | Found a glowing golden altar of the Shining One.
 10555 | D:10     | Noticed Nergalle
 10575 | D:10     | Killed Nergalle
 10576 | D:10     | Reached skill level 15 in Unarmed Combat
 10803 | D:10     | Noticed Lodul
 10825 | D:9      | Killed Lodul
 11120 | D:10     | You fall into a shaft and drop 2 floors!
 11167 | D:12     | Noticed Gastronok
 11215 | D:12     | Noticed Nessos
 11221 | D:12     | Reached skill level 5 in Transmutations
 11223 | D:12     | Killed Nessos
 11224 | D:12     | Reached skill level 7 in Transmutations
 11434 | D:11     | Reached skill level 8 in Transmutations
 11573 | D:10     | Noticed a cyclops
 11619 | D:10     | Killed a cyclops
 11757 | D:10     | Found a staircase to the Lair.
 11805 | D:10     | Killed Fannar
 11806 | D:10     | Reached skill level 9 in Transmutations
 11806 | D:10     | Reached XP level 12. HP: 39/88 MP: 7/14
 12487 | Lair:1   | Entered Level 1 of the Lair of Beasts
 12658 | Lair:1   | Reached skill level 10 in Transmutations
 13679 | Lair:2   | Reached skill level 11 in Transmutations
 13679 | Lair:2   | Reached skill level 5 in Air Magic
 13758 | Lair:2   | Found a hole to the Spider Nest.
 14250 | Lair:2   | Reached skill level 12 in Transmutations
 14743 | Lair:2   | Learned a level 2 spell: Wereblood
 14747 | Lair:2   | Learned a level 3 spell: Spider Form
 15056 | Lair:3   | Noticed a five-headed hydra
 15068 | Lair:3   | Killed a five-headed hydra
 15234 | Lair:3   | Noticed a catoblepas
 15251 | Lair:3   | Reached XP level 13. HP: 42/93 MP: 7/17
 15466 | Lair:3   | Found a dark tunnel.
 15474 | Volcano  | Entered a volcano
 15549 | Volcano  | Reached skill level 13 in Transmutations
 15905 | Lair:3   | Found a staircase to the Swamp.
 16341 | Lair:3   | Reached skill level 5 in Spellcasting
 16449 | Lair:3   | Reached skill level 14 in Transmutations
 17493 | D:3      | Killed SirDiesAlot's ghost
 18474 | D:11     | Noticed Josephine
 18674 | D:11     | Killed Josephine
 18675 | D:11     | Reached skill level 15 in Transmutations
 18675 | D:11     | Reached XP level 14. HP: 93/97 MP: 21/23
 18798 | D:11     | Noticed Harold
 18821 | D:11     | Killed Harold
 19006 | D:11     | Noticed Erica
 19045 | D:10     | Killed Erica
 19652 | Lair:4   | Identified the +1 war axe of Bodily Harmony {spect, Str-5
                  | Int+2 Dex+3}
 19725 | Lair:4   | Reached skill level 16 in Transmutations
 19913 | Lair:4   | Noticed Rupert
 19919 | Lair:4   | Killed Rupert
 20768 | Lair:5   | Entered Level 5 of the Lair of Beasts
 20844 | Lair:5   | Reached skill level 17 in Transmutations
 21132 | Lair:5   | Reached XP level 15. HP: 100/105 MP: 15/27
 21139 | Lair:5   | Reached skill level 18 in Transmutations
 21230 | Lair:5   | Identified the +5 plate armour of Ocleraig {Int+4}
 21231 | Lair:5   | Identified the +12 great sword of Cuedid {freeze, rCorr
                  | Str+3}
 21339 | Lair:5   | Found a viscous altar of Jiyva.
 21339 | Lair:5   | Found a staircase to the Slime Pits.
 22053 | Lair:5   | Learned a level 4 spell: Manifold Assault
 22059 | Lair:5   | Learned a level 5 spell: Yara's Violent Unravelling
 22312 | D:11     | Found a staircase to the Orcish Mines.
 22688 | D:12     | Killed Gastronok
 22941 | Orc:1    | Entered Level 1 of the Orcish Mines
 23606 | Orc:1    | Noticed Erolcha
 23611 | Orc:1    | Killed Erolcha
 23760 | Orc:2    | Entered Level 2 of the Orcish Mines
 23861 | Orc:2    | Found a staircase to the Elven Halls.
 24068 | Orc:2    | Found Gemyokhla's Jewellery Shop.
 24077 | Orc:2    | Reached skill level 10 in Dodging
 24097 | Orc:2    | Found Punirum's Antique Weapon Emporium.
 24451 | Orc:2    | Found Uczye's Armour Emporium.
 24474 | Orc:2    | Found Cenihyur's Distillery.
 24542 | Orc:2    | Noticed an orc warlord
 24557 | Orc:2    | Killed an orc warlord
 24915 | Orc:2    | Upgraded the game from 0.30-a0-924-g0ad0bf95bc to
                  | 0.30-a0-930-gb9d0489357
 25385 | Lair:5   | Fell from the grace of Ignis
 25385 | Lair:5   | Became a worshipper of Jiyva Jiqa the Shapeless
 25390 | Slime:1  | Entered Level 1 of the Pits of Slime
 25440 | Slime:3  | Noticed an azure jelly
 25440 | Slime:3  | Noticed an acid blob
 25441 | Slime:3  | Noticed an azure jelly
 25452 | Slime:5  | Entered Level 5 of the Pits of Slime
 25515 | Slime:5  | Noticed an acid blob
 25536 | Slime:5  | Noticed an acid blob
 25552 | Slime:5  | Noticed an acid blob
 25556 | Slime:5  | Noticed an acid blob
 25566 | Slime:5  | Noticed an acid blob
 25587 | Slime:5  | Noticed the Royal Jelly
 25640 | Slime:5  | Found a viscous altar of Jiyva.
 25673 | Slime:5  | Noticed an acid blob
 25675 | Slime:5  | Noticed a rockslime
 25682 | Slime:5  | Noticed an acid blob
 25737 | Slime:4  | Noticed a rockslime
 25835 | Slime:1  | Noticed an acid blob
 25849 | Slime:1  | Noticed an acid blob
 25916 | Slime:1  | Noticed an azure jelly
 25978 | Slime:1  | Noticed an acid blob
 26098 | Swamp:1  | Entered Level 1 of the Swamp
 26176 | Swamp:1  | Noticed a thorn hunter
 26188 | Swamp:1  | Killed a thorn hunter
 26424 | Swamp:1  | Noticed Frances
 26447 | Swamp:1  | Killed Frances
 26572 | Swamp:1  | Noticed Louise
 26582 | Swamp:1  | Reached XP level 16. HP: 117/117 MP: 18/28
 26587 | Swamp:1  | Killed Louise
 27135 | Swamp:2  | Reached * piety under Jiyva
 27502 | Swamp:3  | Noticed Jorgrun
 27519 | Swamp:3  | Killed Jorgrun
 27588 | Swamp:3  | Was forgiven by Ignis
 27590 | Swamp:3  | Identified the +6 short sword of Judgement {flame, rN+}
 27803 | Swamp:3  | Reached skill level 10 in Fighting
 27928 | Swamp:4  | Entered Level 4 of the Swamp
 27928 | Swamp:4  | Reached ** piety under Jiyva
 27929 | Swamp:4  | Noticed Mara
 27929 | Swamp:4  | Noticed a tentacled monstrosity
 27945 | Swamp:4  | Killed a tentacled monstrosity
 27955 | Swamp:4  | Noticed Monkooky's illusion
 27958 | Swamp:4  | Noticed Monkooky's illusion
 27959 | Swamp:4  | Killed Mara
 27971 | Swamp:4  | Found a runed translucent gate.
 27971 | Swamp:4  | Found a runed translucent gate.
 27971 | Swamp:4  | Found a runed translucent gate.
 27972 | Swamp:4  | Noticed NinjaNoafa's ghost (adept DrIE)
 27972 | Swamp:4  | Noticed Fiugearo's ghost (adept MiFi)
 27975 | Swamp:4  | Noticed Ahup's ghost (adept MiFi)
 27981 | Swamp:4  | Noticed trep's ghost (journeyman MiFi)
 28186 | Swamp:4  | Reached XP level 17. HP: 126/131 MP: 25/29
 28187 | Swamp:4  | Noticed the 27-headed Lernaean hydra
 28245 | Swamp:4  | Killed the 27-headed Lernaean hydra
 28246 | Swamp:4  | Reached skill level 15 in Dodging
 28253 | Swamp:4  | Reached skill level 10 in Air Magic
 28419 | Swamp:4  | Reached *** piety under Jiyva
 28443 | Swamp:4  | Got a decaying rune of Zot
 28630 | Swamp:4  | Gained mutation: You have a pair of small horns on your
                  | head. [Jiyva's grace]
 28630 | Swamp:4  | Gained mutation: You have a pair of horns on your head.
                  | [Jiyva's grace]
 28630 | Swamp:4  | Gained mutation: You have a pair of large horns on your
                  | head. [Jiyva's grace]
 28630 | Swamp:4  | Gained mutation: You are somewhat resistant to further
                  | mutation. [Jiyva's grace]
 28870 | Spider:1 | Entered Level 1 of the Spider Nest
 28892 | Spider:1 | Reached skill level 19 in Transmutations
 28928 | Spider:1 | Learned a level 5 spell: Silence
 29182 | Spider:1 | Learned a level 1 spell: Apportation
 29602 | Spider:1 | Reached **** piety under Jiyva
 29819 | Spider:2 | Identified Roxanne's Almanac of Geomancy
 29819 | Spider:2 | Noticed Roxanne
 29871 | Spider:2 | Killed Roxanne
 30479 | Spider:3 | Reached skill level 20 in Transmutations
 30590 | Spider:3 | Reached XP level 18. HP: 140/140 MP: 24/31
 30716 | Spider:3 | Reached ***** piety under Jiyva
 30725 | Spider:3 | Reached skill level 5 in Evocations
 30803 | Spider:3 | Gained mutation: You expend magic power (3 MP) to
                  | strengthen your wands. [Jiyva's grace]
 30803 | Spider:3 | Gained mutation: Armour fits poorly on your pseudopods.
                  | [Jiyva's grace]
 30803 | Spider:3 | Gained mutation: Armour fits poorly on your large
                  | pseudopods. [Jiyva's grace]
 30803 | Spider:3 | Gained mutation: Armour fits poorly on your massive
                  | pseudopods. [Jiyva's grace]
 31230 | Spider:4 | Entered Level 4 of the Spider Nest
 31479 | Spider:4 | Reached skill level 10 in Evocations
 31522 | Spider:4 | Got a gossamer rune of Zot
 31552 | Spider:4 | Identified the orb of Eporogis {*Rage, Int+4}
 31618 | Spider:4 | Identified the +1 spear "Puititut" {flame, rPois Will-
                  | Int+2 SInv}
 32760 | D:12     | Reached ****** piety under Jiyva
 32860 | D:12     | Lost mutation: You have a pair of large horns on your head.
                  | [Jiyva's grace]
 32860 | D:12     | Gained mutation: You passively dampen the noise of your
                  | surroundings. [Jiyva's grace]
 32860 | D:12     | Gained mutation: You have acidic saliva. [Jiyva's grace]
 32860 | D:12     | Gained mutation: You are partially covered in iridescent
                  | scales. (AC +2) [Jiyva's grace]
 32860 | D:12     | Gained mutation: You are mostly covered in iridescent
                  | scales. (AC +4) [Jiyva's grace]
 32871 | D:12     | Found Ilaimig's Book Shop.
 33264 | Slime:5  | Got Jiadgh's Folio of Shivering Reformation
 33270 | Slime:5  | Identified the staff of earth "Qytas" {rElec Str+3} (You
                  | found it on level 5 of the Pits of Slime)
 33276 | Slime:5  | Got a slimy rune of Zot
 33285 | Slime:5  | Identified the staff of death "Puah Corch" {rN+ Str+3}
 33294 | Slime:5  | Identified the +7 chain mail "Tur Opp" {Int+4}
 33295 | Slime:5  | Identified the +7 plate armour "Wuin Wete" {rN+ MP+9}
 33615 | Elf:1    | Entered Level 1 of the Elven Halls
 33786 | Elf:1    | Got the Tractate on Nightshade
 33817 | Elf:1    | Found Cuacy's Assorted Antiques.
 33822 | Elf:1    | Reached XP level 19. HP: 146/146 MP: 32/32
 34243 | Elf:2    | Found Qohuityr's Weapon Boutique.
 34444 | Elf:2    | Found Ligho's Jewellery Emporium.
 34453 | Elf:2    | Bought the ring "Afut" {Drain rN+ Int+10 Dex-5 Slay+4} for
                  | 1223 gold pieces
 34475 | Elf:2    | Found a runed translucent gate.
 34475 | Elf:2    | Found a runed translucent gate.
 34475 | Elf:2    | Found a runed translucent gate.
 34821 | Elf:3    | Entered Level 3 of the Elven Halls
 35141 | Elf:3    | Lost mutation: You are somewhat resistant to further
                  | mutation. [Jiyva's grace]
 35141 | Elf:3    | Lost mutation: You have acidic saliva. [Jiyva's grace]
 35141 | Elf:3    | Gained mutation: Your translucent skin slightly reduces
                  | your foes' accuracy. (Stealth+) [Jiyva's grace]
 35141 | Elf:3    | Gained mutation: Your translucent skin reduces your foes'
                  | accuracy. (Stealth+) [Jiyva's grace]
 35141 | Elf:3    | Gained mutation: Your transparent skin significantly
                  | reduces your foes' accuracy. (Stealth+) [Jiyva's grace]
 35141 | Elf:3    | Gained mutation: You have acidic saliva. [Jiyva's grace]
 35262 | Abyss:3  | Cast into level 3 of the Abyss (a deep elf demonologist)
 35263 | Abyss:3  | Found a corrupted altar of Lugonu.
 35342 | Elf:3    | Escaped the Abyss
 35352 | Elf:3    | Reached skill level 15 in Fighting
 35358 | Elf:3    | Noticed an Ice Fiend
 35364 | Abyss:3  | Cast into level 3 of the Abyss (a deep elf sorcerer)
 35775 | Abyss:3  | Got an abyssal rune of Zot
 35779 | Elf:3    | Escaped the Abyss
 35780 | Elf:3    | Noticed a Tzitzimitl
 35783 | Elf:3    | Reached XP level 20. HP: 115/164 MP: 23/33
 35903 | Elf:3    | Found the +0 mask of the Dragon {Will+ Slay+3 SInv}
 35918 | Elf:3    | Found the +5 demon whip "Spellbinder" {antimagic, disrupt,
                  | Will+}
 35929 | Elf:3    | Got the Lectures on Charged Transposition
 35934 | Elf:3    | Identified the +6 flail of Bloodstone {flame, rPois Will-
                  | Str+3 Stlth+}
 35936 | Elf:3    | Identified the staff of poison "Eliquv" {rPois rF- Will+++
                  | Dex-4 Stlth+}
 35976 | Elf:3    | Identified the staff of earth "Roll" {Int+2}
 36385 | D:13     | Killed Kirke
 36684 | D:13     | Identified the ring of Efucwyve {+Blink rElec Dex+6}
 36895 | D:13     | Lost mutation: Armour fits poorly on your massive
                  | pseudopods. [Jiyva's grace]
 36895 | D:13     | Lost mutation: You passively dampen the noise of your
                  | surroundings. [Jiyva's grace]
 36895 | D:13     | Gained mutation: You are agile. (Dex +4, Str/Int -1)
                  | [Jiyva's grace]
 36895 | D:13     | Gained mutation: You are very agile. (Dex +8, Str/Int -2)
                  | [Jiyva's grace]
 36895 | D:13     | Gained mutation: You possess an exceptional clarity of
                  | mind. [Jiyva's grace]
 36895 | D:13     | Gained mutation: Your body has grown eyes which may confuse
                  | attackers. (Acc +3) [Jiyva's grace]
 37427 | D:14     | Noticed Urug
 37427 | D:14     | Found a gate to the Vaults.
 37436 | D:14     | Killed Urug
 37619 | D:14     | Found a transporter.
 37681 | D:14     | Noticed Cicylist's ghost (journeyman FoFi)
 37753 | D:14     | Found a transporter.
 37825 | D:15     | Entered Level 15 of the Dungeon
 37837 | D:15     | Found a staircase to the Depths.
 37958 | D:15     | Lost mutation: You have acidic saliva. [Jiyva's grace]
 37958 | D:15     | Lost mutation: Your transparent skin significantly reduces
                  | your foes' accuracy. (Stealth+) [Jiyva's grace]
 37958 | D:15     | Gained mutation: Your muscles are strong. (Str +4, Int/Dex
                  | -1) [Jiyva's grace]
 37958 | D:15     | Gained mutation: Your muscles are very strong. (Str +8,
                  | Int/Dex -2) [Jiyva's grace]
 37958 | D:15     | Gained mutation: Your transparent skin significantly
                  | reduces your foes' accuracy. (Stealth+) [Jiyva's grace]
 37958 | D:15     | Gained mutation: You have a small jelly attached to you
                  | that may absorb projectiles. [Jiyva's grace]
 38033 | D:15     | Found a radiant altar of Vehumet.
 38496 | Vaults:1 | Entered Level 1 of the Vaults
 38643 | Vaults:1 | Reached skill level 10 in Spellcasting
 38709 | Vaults:1 | Reached XP level 21. HP: 171/171 MP: 33/35
 38754 | Vaults:1 | Reached skill level 21 in Transmutations
 39476 | Vaults:2 | Lost mutation: You have a pair of horns on your head.
                  | [Jiyva's grace]
 39476 | Vaults:2 | Lost mutation: You are mostly covered in iridescent scales.
                  | (AC +4) [Jiyva's grace]
 39476 | Vaults:2 | Lost mutation: You possess an exceptional clarity of mind.
                  | [Jiyva's grace]
 39476 | Vaults:2 | Lost mutation: Your muscles are very strong. (Str +8,
                  | Int/Dex -2) [Jiyva's grace]
 39476 | Vaults:2 | Lost mutation: Your body has grown eyes which may confuse
                  | attackers. (Acc +3) [Jiyva's grace]
 39476 | Vaults:2 | Lost mutation: Armour fits poorly on your large pseudopods.
                  | [Jiyva's grace]
 39476 | Vaults:2 | Lost mutation: Your transparent skin significantly reduces
                  | your foes' accuracy. (Stealth+) [Jiyva's grace]
 39476 | Vaults:2 | Lost mutation: Your translucent skin reduces your foes'
                  | accuracy. (Stealth+) [Jiyva's grace]
 39476 | Vaults:2 | Gained mutation: You are resistant to electric shocks.
                  | (rElec) [Jiyva's grace]
 39476 | Vaults:2 | Gained mutation: You have a small jelly attached to you
                  | that senses nearby items. [Jiyva's grace]
 39476 | Vaults:2 | Gained mutation: Your muscles are very strong. (Str +8,
                  | Int/Dex -2) [Jiyva's grace]
 39476 | Vaults:2 | Gained mutation: Your flesh is heat resistant. (rF+)
                  | [Jiyva's grace]
 39508 | Vaults:2 | Found a staircase to the Crypt.
 39566 | Vaults:2 | Gained mutation: Your magical capacity is low. (-10% MP)
                  | [mutagenic glow]
 39587 | Vaults:2 | Gained mutation: You occasionally lose the ability to drink
                  | potions when taking damage. [mutagenic glow]
 39604 | Vaults:2 | Lost mutation: You are partially covered in iridescent
                  | scales. (AC +2) [mutagenic glow]
 39615 | Vaults:2 | Lost mutation: Your translucent skin slightly reduces your
                  | foes' accuracy. (Stealth+) [mutagenic glow]
 39627 | Vaults:2 | Reached skill level 22 in Transmutations
 39627 | Vaults:2 | Gained mutation: You have hidden genetic defects.
                  | [mutagenic glow]
 39636 | Vaults:2 | Gained mutation: You do not regenerate when monsters are
                  | visible. [mutagenic glow]
 39654 | Vaults:2 | Lost mutation: You have a small jelly attached to you that
                  | may absorb projectiles. [mutagenic glow]
 40248 | Vaults:2 | Gained mutation: You occasionally lose the ability to read
                  | scrolls when taking damage. [hidden defects]
 40249 | Vaults:2 | Lost mutation: You expend magic power (3 MP) to strengthen
                  | your wands. [potion of mutation]
 40249 | Vaults:2 | Lost mutation: You have a pair of small horns on your head.
                  | [potion of mutation]
 40249 | Vaults:2 | Lost mutation: Your flesh is heat resistant. (rF+) [potion
                  | of mutation]
 40249 | Vaults:2 | Lost mutation: Armour fits poorly on your pseudopods.
                  | [potion of mutation]
 40249 | Vaults:2 | Lost mutation: You are very agile. (Dex +8, Str/Int -2)
                  | [potion of mutation]
 40250 | Vaults:2 | Lost mutation: Your magical capacity is low. (-10% MP)
                  | [potion of mutation]
 40250 | Vaults:2 | Lost mutation: You are resistant to electric shocks.
                  | (rElec) [potion of mutation]
 40250 | Vaults:2 | Lost mutation: You do not regenerate when monsters are
                  | visible. [potion of mutation]
 40250 | Vaults:2 | Gained mutation: You passively map a small area around you.
                  | [potion of mutation]
 40251 | Vaults:2 | Lost mutation: You have a small jelly attached to you that
                  | senses nearby items. [potion of mutation]
 40251 | Vaults:2 | Lost mutation: You occasionally lose the ability to drink
                  | potions when taking damage. [potion of mutation]
 40251 | Vaults:2 | Gained mutation: Your mind is acute. (Int +4, Str/Dex -1)
                  | [potion of mutation]
 40251 | Vaults:2 | Lost mutation: You occasionally lose the ability to read
                  | scrolls when taking damage. [potion of mutation]
 40251 | Vaults:2 | Gained mutation: You expend magic power (3 MP) to
                  | strengthen your wands. [potion of mutation]
 40713 | Vaults:3 | Found Pelim's Assorted Antiques.
 40721 | Vaults:3 | Bought a scroll of immolation for 140 gold pieces
 40721 | Vaults:3 | Bought a scroll of summoning for 332 gold pieces
 40745 | Vaults:3 | Found a magical portal.
 40757 | WizLab   | Entered The Hall of the Hellbinder
 40836 | WizLab   | Lost mutation: Your muscles are very strong. (Str +8,
                  | Int/Dex -2) [Jiyva's grace]
 40836 | WizLab   | Gained mutation: Your melee attacks may engulf your foes in
                  | ooze. [Jiyva's grace]
 40836 | WizLab   | Gained mutation: You are covered in slimy tendrils that may
                  | disarm your opponents. [Jiyva's grace]
 40836 | WizLab   | Gained mutation: You are partially covered in iridescent
                  | scales. (AC +2) [Jiyva's grace]
 40836 | WizLab   | Gained mutation: You are mostly covered in iridescent
                  | scales. (AC +4) [Jiyva's grace]
 40865 | WizLab   | Reached skill level 23 in Transmutations
 40980 | WizLab   | Found a burning altar of Makhleb.
 40988 | WizLab   | Got the Treatise on the Entourage
 40993 | WizLab   | Identified the +10 mace "Qaonawarch" {protect, Will+ Str+5
                  | SInv}
 41025 | WizLab   | Noticed Esausmor
 41038 | WizLab   | Killed Esausmor the Hellbinder
 41044 | WizLab   | Gained mutation: Armour fits poorly on your strangely
                  | shaped body. [hidden defects]
 41044 | WizLab   | Lost mutation: You have hidden genetic defects. [hidden
                  | defects expressed]
 41197 | Vaults:3 | Reached XP level 22. HP: 178/178 MP: 34/37
 41585 | Vaults:3 | Paralysed by a sphinx for 2 turns
 41621 | Vaults:3 | Reached skill level 24 in Transmutations
 42636 | Vaults:4 | Identified the ring of the Death Scarab {rN+ MP+9 Str+4
                  | Int-5 Dex+2}
 42713 | Vaults:4 | Reached skill level 25 in Transmutations
 42937 | Vaults:4 | Reached XP level 23. HP: 169/184 MP: 36/39
 43010 | Vaults:4 | Lost mutation: You are mostly covered in iridescent scales.
                  | (AC +4) [Jiyva's grace]
 43010 | Vaults:4 | Lost mutation: Your mind is acute. (Int +4, Str/Dex -1)
                  | [Jiyva's grace]
 43010 | Vaults:4 | Gained mutation: You have hidden genetic potential.
                  | [Jiyva's grace]
 43010 | Vaults:4 | Gained mutation: You have great hidden genetic potential.
                  | [Jiyva's grace]
 43010 | Vaults:4 | Gained mutation: Your muscles are very strong. (Str +8,
                  | Int/Dex -2) [Jiyva's grace]
 43010 | Vaults:4 | Gained mutation: Your translucent skin slightly reduces
                  | your foes' accuracy. (Stealth+) [Jiyva's grace]
 43308 | Vaults:4 | Found Mauryt's Armour Emporium.
 43423 | Vaults:4 | Found Opsod's Antique Weapon Boutique.
 43747 | Depths:1 | Entered Level 1 of the Depths
 43807 | Depths:1 | Reached skill level 26 in Transmutations
 43946 | Depths:1 | Noticed Aizul
 43953 | Depths:1 | Killed Aizul
 43959 | Depths:1 | Noticed Nikola
 43963 | Depths:1 | Killed Nikola
 43989 | Depths:1 | Identified a scroll of acquirement
 44005 | Depths:1 | Learned a level 6 spell: Eringya's Noxious Bog
 44005 | Depths:1 | Acquired Great Wizards, Vol. II
 44013 | Depths:1 | Learned a level 5 spell: Alistair's Intoxication
 44083 | Depths:1 | Noticed Asterion
 44089 | Depths:1 | Killed Asterion
 44347 | Depths:1 | Found a gateway to Hell.
 45165 | Depths:2 | Found a one-way gate leading to the halls of Pandemonium.
 45207 | Depths:2 | Reached skill level 27 in Transmutations
 45230 | Depths:2 | Found a one-way gate to the infinite horrors of the Abyss.
 45276 | Depths:2 | Found a shadowy altar of Dithmenos.
 45276 | Depths:2 | Found the +2 cloak of the Thief {*Fog Slay-2 SInv Stlth+}
 45279 | Depths:2 | Found the +27 heavy crossbow "Sniper" {heavy, Acc+∞ SInv}
 45282 | Depths:2 | Identified the +0 shadow dragon scales of Refuge {+Blink
                  | rN+ Stlth++++}
 45462 | Depths:2 | Reached XP level 24. HP: 186/191 MP: 40/41
 45462 | Depths:2 | Lost mutation: You are agile. (Dex +4, Str/Int -1) [Jiyva's
                  | grace]
 45462 | Depths:2 | Lost mutation: Your muscles are very strong. (Str +8,
                  | Int/Dex -2) [Jiyva's grace]
 45462 | Depths:2 | Lost mutation: You have great hidden genetic potential.
                  | [Jiyva's grace]
 45462 | Depths:2 | Lost mutation: You have hidden genetic potential. [Jiyva's
                  | grace]
 45462 | Depths:2 | Lost mutation: You are covered in slimy tendrils that may
                  | disarm your opponents. [Jiyva's grace]
 45462 | Depths:2 | Lost mutation: You expend magic power (3 MP) to strengthen
                  | your wands. [Jiyva's grace]
 45462 | Depths:2 | Lost mutation: Your melee attacks may engulf your foes in
                  | ooze. [Jiyva's grace]
 45462 | Depths:2 | Gained mutation: You are agile. (Dex +4, Str/Int -1)
                  | [Jiyva's grace]
 45462 | Depths:2 | Gained mutation: You are very agile. (Dex +8, Str/Int -2)
                  | [Jiyva's grace]
 45462 | Depths:2 | Gained mutation: You have a small jelly attached to you
                  | that senses nearby items. [Jiyva's grace]
 45462 | Depths:2 | Gained mutation: You are mostly covered in iridescent
                  | scales. (AC +4) [Jiyva's grace]
 45950 | Depths:2 | Found a one-way gateway to a ziggurat.
 46160 | Depths:3 | Reached skill level 15 in Spellcasting
 46258 | Depths:3 | Found a glowing golden altar of the Shining One.
 46282 | Depths:3 | Reached skill level 15 in Air Magic
 46308 | Depths:3 | Found Gobimm's Distillery.
 46335 | Depths:3 | Bought a potion of cancellation for 96 gold pieces
 46335 | Depths:3 | Bought a potion of resistance for 120 gold pieces
 46335 | Depths:3 | Bought a potion of might for 48 gold pieces
 46645 | Depths:4 | Entered Level 4 of the Depths
 46681 | Depths:4 | Found an ancient bone altar of Kikubaaqudgha.
 46818 | Depths:4 | Found Big Baal Hell's Store.
 46839 | Depths:4 | Bought the ring "Riam" {rF+ rC++ rCorr Dex-2} for 3121 gold
                  | pieces
 46961 | Depths:4 | Found a gate to the Realm of Zot.
 46967 | Zot:1    | Entered Level 1 of the Realm of Zot
 46980 | Zot:1    | Lost mutation: You are very agile. (Dex +8, Str/Int -2)
                  | [Jiyva's grace]
 46980 | Zot:1    | Lost mutation: Your translucent skin slightly reduces your
                  | foes' accuracy. (Stealth+) [Jiyva's grace]
 46980 | Zot:1    | Gained mutation: You are partially covered in large bone
                  | plates. (SH +4) [Jiyva's grace]
 46980 | Zot:1    | Gained mutation: You are mostly covered in large bone
                  | plates. (SH +6) [Jiyva's grace]
 46980 | Zot:1    | Gained mutation: You are completely covered in large bone
                  | plates. (SH +8) [Jiyva's grace]
 46980 | Zot:1    | Gained mutation: You have very sharp teeth. [Jiyva's grace]
 46992 | Zot:2    | Noticed an orb of fire
 47001 | Zot:2    | Killed an orb of fire
 47063 | Zot:3    | Reached XP level 25. HP: 187/197 MP: 38/42
 47067 | Zot:3    | Noticed a Killer Klown
 47080 | Zot:3    | Killed a Killer Klown
 47457 | Zot:5    | Entered Level 5 of the Realm of Zot
 47762 | Zot:5    | Noticed an orb of fire
 47763 | Zot:5    | Noticed a Killer Klown
 47763 | Zot:5    | Noticed an ancient lich
 47766 | Zot:5    | Noticed a Killer Klown
 47769 | Zot:5    | Noticed a Killer Klown
 47770 | Zot:5    | Killed an orb of fire
 47770 | Zot:5    | Noticed an orb of fire
 47771 | Zot:5    | Noticed a Killer Klown
 47773 | Zot:5    | Killed a Killer Klown
 47774 | Zot:5    | Killed a Killer Klown
 47780 | Zot:5    | Killed an orb of fire
 47780 | Zot:5    | Killed a Killer Klown
 47787 | Zot:5    | Killed an ancient lich
 47795 | Zot:5    | Killed a Killer Klown
 47812 | Zot:5    | Noticed a Killer Klown
 47813 | Zot:5    | Noticed a Killer Klown
 47815 | Zot:5    | Noticed an ancient lich
 47816 | Zot:5    | Noticed a dread lich
 47816 | Zot:5    | Noticed an ancient lich
 47821 | Zot:5    | Got the Orb of Zot
 47830 | Zot:5    | Killed an ancient lich
 47831 | Zot:5    | Reached XP level 26. HP: 191/204 MP: 29/42
 47839 | Zot:5    | Killed a Killer Klown
 48007 | Depths:4 | Noticed Hoabi the pandemonium lord
 48156 | D:15     | Gained mutation: You occasionally shout uncontrollably at
                  | your foes. [a cacodemon]
 48172 | D:14     | Noticed Uummannaq's ghost (journeyman MiFi)
 48403 | D:$      | Escaped with the Orb!

Illustrated notes

Levels and vault maps discovered:
D:1:      minmay_arrival_three_doors, layout_basic, minmay_tetromino_l2
D:2:      layout_basic, basic_ecumenical_altar, uniq_terence
D:3:      layout_rooms, mainiacjoe_overflow_alcove_1,
          gammafunk_ghost_nasty_kobolds, serial_bayou, serial_bayou_pond_b,
          serial_bayou_pond_c, serial_bayou_shore_b, serial_bayou_pond_a,
          serial_bayou_pond_b, serial_bayou_pond_e
D:4:      layout_loops_ring, nicolae_wu_jian_wuxing_cycle
D:5:      layout_basic, minmay_temple_entry_junction, serial_shops,
          nicolae_shop_behind_doors, serial_co_window_serial,
          co_window_corner_a, co_window_corner_a, co_window_paths_b,
          co_window_paths_a, co_window_corner_a, co_window_broadway_c,
          co_window_cross_3, co_window_paths_c, co_window_4corner_b,
          co_window_sun, glass_columns_c, glass_columns_a, glass_columns_a,
          chequers_serial_rivers_micro_b
D:6:      layout_rooms
D:7:      layout_loops_ring, chequers_serial_rivers_small_b, amethyst_killhole
D:8:      minmay_spotlight, layout_loops_ring, uniq_maurice, uniq_amaemon
D:9:      minmay_cornered_nines, layout_irregular_city, nicolae_water_bricks
D:10:     layout_basic, mainiacjoe_overflow_alcove_3, lair_entry_dummy,
          uniq_fannar, uniq_nergalle, uniq_lodul
D:11:     layout_roguey, david_orc_1_choice, serial_ice, serial_ice_o,
          serial_ice_h, serial_ice_d, serial_ice_n,
          minmay_misc_feat_four_crosses, uniq_harold, uniq_erica, uniq_josephine
D:12:     layout_cave_pools, serial_shops, shop_fountains, uniq_nessos,
          uniq_gastronok
D:13:     fort_yaktaur, layout_stronghold, uniq_kirke
D:14:     layout_rooms, david_vaults_3, nzn_ghost_randoct
D:15:     gammafunk_depths_entry_grave, layout_irregular_city,
          minmay_misc_feat_plants, vehumet_crystals
Temple:   nicolae_temple_x_marks_the_god
Lair:1:   layout_roguey [special_room_bee]
Lair:2:   layout_regular_city, nicolae_spider_entry_lesser_pyramids,
          serial_bayou_shore_a
Lair:3:   nzn_winding_woodlands_stair_cross [nzn_winding_woodlands_5x15_twine,
          nzn_winding_woodlands_center_pierced_h,
          nzn_winding_woodlands_5x15_concentric,
          nzn_winding_woodlands_5x5_open_star,
          nzn_winding_woodlands_5x5_perimeter,
          nzn_winding_woodlands_5x15_parted,
          nzn_winding_woodlands_center_garden,
          nzn_winding_woodlands_5x15_longhouse], layout_long_grid, swamp_mist,
          nicolae_volcano_entry_two_sided, portal_ice_cave_entry_pillars_1
Lair:4:   layout_layer_cave, kennysheep_catoblepas_arena, uniq_rupert
Lair:5:   minmay_lair_end_frog_pond, layout_cave_pods,
          dpeg_slime_entry_enclosed, small_statue_intersection,
          lemuel_fruit_tree
Swamp:1:  cheibrodos_swamp_tower_of_moss, layout_basic_swamp,
          evilmike_swamp_ruin_house_1, kb_tengu_band, uniq_frances, uniq_louise
Swamp:2:  layout_falls_marsh, evilmike_swamp_ruin_wall, swamp_pool4
Swamp:3:  layout_falls_marsh, evilmike_swamp_ruin_house_2,
          infiniplex_staircase_pool, uniq_jorgrun
Swamp:4:  swamp_old_school, layout_basic_swamp, gammafunk_ghost_cemetery,
          uniq_mara
Spider:1: layout_spider_delve
Spider:2: layout_spider_delve, uniq_roxanne
Spider:3: layout_cave_pods
Spider:4: floodkiller_spider_rune_tomb, hellmonk_deceptive_appearances
Slime:1:  layout_caves
Slime:2:  layout_caves
Slime:3:  layout_caves
Slime:4:  layout_caves
Slime:5
Orc:1:    layout_caves, special_room [special_room_orc], mines2_david,
          uniq_erolcha
Orc:2:    st_orc_town, layout_diamond_mine, guppyfry_library_mini
Elf:1:    eino_elf_arrival_sip, layout_loops_ring, serial_shops,
          nicolae_shop_trees, minmay_elf_necromancy
Elf:2:    nicolae_elf_blades_splatter_lattice [nicolae_blade_entry_antechamber],
          layout_geoelf_diagonals, serial_shops, shop,
          minmay_shop_enchanted_jewellery
Elf:3:    elf_hall, layout_geoelf_grid
Vaults:1: ontoclasm_vaults_fault, v_misc_10, vaults_room_fancy_cross,
          nicolae_vaults_little_squares_3, hangedman_vaults_corner,
          hangedman_vaults_variations, vaults_mumra_lcd, v_alt_pattern_2,
          v_misc_30, nicolae_vaults_border_crossing,
          nicolae_vaults_little_squares_1, vaults_dpeg_hooks,
          vaults_room_stairs_pillars, ontoclasm_vaults_pinch,
          ontoclasm_vaults_ring_square, layout_vaults_omnibox
Vaults:2: minmay_crypt_entry_simple_statues, v_misc_12, v_misc_12,
          grunt_vaults_twisty, v_rooms_3, v_pattern_2, v_misc_22,
          ontoclasm_vaults_decontamination, vaults_mumra_hex,
          vaults_room_semicircle, layout_vaults_omnigrid
Vaults:3: mu_enter_wizlab_6, vaults_dpeg_cross, v_alt_pattern_5,
          vaults_room_pools, vaults_dpeg_spiral, dpeg_vaults_monster_row,
          dpeg_vaults_monster_box, v_misc_17, grunt_vaults_focal, v_misc_30,
          st_cells, nicolae_vaults_windows_and_doors_thing,
          nicolae_vaults_three_branches, v_misc_8, vaults_room_hallway,
          layout_vaults_ring, serial_shops, nicolae_shop_statue_plus
Vaults:4: v_misc_33, nicolae_vaults_little_squares_2,
          vaults_standard_mumra_enter_the_diamond, nicolae_vaults_little_ls,
          nicolae_vaults_network_star, v_misc_14, v_alt_pattern_2,
          ontoclasm_vaults_chip, vaults_room_mumra_shop_pool,
          nicolae_vaults_diagonal_hallway_6, v_pattern_4,
          layout_vaults_big_room, serial_shops, nicolae_shop_statue_plus
Depths:1: layout_basic, grunt_mini_vestibule, serial_rivers,
          chequers_serial_rivers_micro_d, chequers_serial_rivers_small_3,
          chequers_serial_rivers_small_b, chequers_serial_rivers_small_a,
          chequers_serial_rivers_room_a, grunt_ministairs_7,
          roderic_serpentine_path, lightli_fourway_metalbox, uniq_nikola,
          uniq_asterion, uniq_aizul
Depths:2: regret_index_dithmenos_brocken_genspenst, layout_basic,
          enter_ziggurat_e, serial_sigils, serial_sigils_hangedman_gnaw,
          serial_sigils_hangedman_leer, serial_sigils_hangedman_carve,
          serial_sigils_hangedman_quiver, serial_sigils_hangedman_gut,
          abyss_entry, pan_entry, pf_hell_entry_tar_spiral
Depths:3: dreamdust_hydra_shepherd, layout_cave_pools, hell_entry, abyss_entry,
          chequers_serial_rivers_micro_d, serial_shops, nicolae_square_shop,
          tso_altar
Depths:4: evilmike_zot_entry_hall, layout_gridville,
          nicolae_hell_entry_big_baal_hell, lemuel_doored_altar, enter_trove_3,
          grunt_megastairs_3, minmay_shop_grove
Zot:1:    dreamdust_black_sun_cult, layout_onion, ebering_ghost_rock_garden,
          hangedman_zot_wheel_spokes
Zot:2:    layout_onion_interference, st_stairs_6
Zot:3:    layout_misc_corridors
Zot:4:    layout_misc_corridors, grunt_megastairs_1
Zot:5:    layout_misc_corridors, grunt_ministairs_2

Skill      XL: |  1  2  3  4  5  6  7  8  9 10 11 12 13 14 15 16 17 18 19 20 21 22 23 24 25 26 |
---------------+-------------------------------------------------------------------------------+-----
Fighting       | 3 5 6 8 11 16 | 16.0
Dodging        | 2 4 6 7 12 14 17 18 21 | 21.6
Unarmed Combat | 2 4 6 9 12 14 15 17 18 19 20 24 25 | 25.2
Spellcasting   | 1 2 6 8 9 10 11 12 14 15 | 15.7
Translocations | 2 |  2.6
Transmutations | 3 9 12 15 17 18 20 23 25 27 | 27.0
Air Magic      | 1 3 6 8 9 10 11 13 14 15 | 15.3
Evocations     | 2 3 4 10 | 10.0
Short Blades   | |  2.4
Throwing       | |  2.0
Stealth        | |  4.3

Action                     |  1- 3 |  4- 6 |  7- 9 | 10-12 | 13-15 | 16-18 | 19-21 | 22-24 | 25-27 || total
---------------------------+-------+-------+-------+-------+-------+-------+-------+-------+-------++-------
  Melee: Dagger            |   128 |    11 |       |       |       |       |       |       |       ||   139
         Punch             |     1 |     4 |    15 |    53 |   115 |    79 |    59 |   110 |    30 ||   466
         Hand axe          |       |   141 |   126 |       |       |       |       |       |       ||   267
         Unarmed           |       |     4 |   112 |   550 |   910 |   725 |   572 |   672 |   201 ||  3746
         Headbutt          |       |       |       |       |       |     2 |       |       |       ||     2
         Staff             |       |       |       |       |       |       |     1 |    10 |     1 ||    12
  Throw: Dart              |     3 |    17 |    32 |    74 |    18 |       |       |       |       ||   144
   Cast: Spider Form       |       |       |       |     1 |       |       |       |       |       ||     1
         Wereblood         |       |       |       |       |    21 |    30 |    27 |    19 |     3 ||   100
         Storm Form        |       |       |       |       |    32 |    43 |    46 |    39 |    10 ||   170
         Apportation       |       |       |       |       |       |    25 |    15 |     2 |     4 ||    46
         Manifold Assault  |       |       |       |       |       |     1 |       |       |       ||     1
         Blink             |       |       |       |       |       |     1 |       |       |       ||     1
         Silence           |       |       |       |       |       |       |       |     1 |       ||     1
         Eringya's Noxious |       |       |       |       |       |       |       |       |     2 ||     2
 Invoke: Fiery Armour      |       |     1 |       |     5 |     1 |       |       |       |       ||     7
         Foxfire Swarm     |       |       |       |     1 |       |       |       |       |       ||     1
         Oozemancy         |       |       |       |       |       |       |     3 |       |     2 ||     5
         Slimify           |       |       |       |       |       |       |     1 |       |       ||     1
Ability: End Transformatio |       |       |       |     1 |       |     1 |       |       |     1 ||     3
         Blinkbolt         |       |       |       |       |    24 |    43 |    48 |    37 |    12 ||   164
  Evoke: Wand              |       |       |    16 |    24 |     9 |     9 |     1 |       |     1 ||    60
         Tin of tremorston |       |       |       |       |     1 |     5 |     4 |       |     1 ||    11
         Phial of floods   |       |       |       |       |       |       |     1 |     1 |       ||     2
         Box of beasts     |       |       |       |       |       |       |       |     1 |       ||     1
    Use: Scroll            |     3 |     1 |     8 |    10 |    14 |     5 |       |     3 |    11 ||    55
         Potion            |       |       |     2 |     3 |     5 |     1 |     7 |       |     6 ||    24
   Stab: Sleeping          |    12 |     5 |     3 |     5 |     4 |     1 |     2 |     2 |       ||    34
         Distracted        |       |     1 |       |     1 |       |       |     2 |     1 |       ||     5
         Paralysed         |       |       |     7 |     7 |       |       |       |       |       ||    14
         Petrified         |       |       |       |     3 |     4 |       |       |       |       ||     7
 Armour: Robe              |    18 |       |       |       |     8 |     2 |     1 |     4 |       ||    33
         Ring mail         |     8 |    59 |    68 |   210 |    28 |       |       |       |       ||   373
         Skin              |       |     2 |       |     1 |    78 |   191 |    77 |   111 |    38 ||   498
         Scale mail        |       |       |       |       |   213 |       |       |       |       ||   213
  Dodge: Dodged            |    72 |   115 |   145 |   421 |   655 |   966 |   739 |   840 |   227 ||  4180
  Block: Orb               |       |       |       |       |       |       |       |       |     1 ||     1

Table legend: (Time is in decaauts)
 A = Elapsed time spent in this place.
 B = Non-inter-level travel time spent in this place.
 C = Inter-level travel time spent in this place.
 D = Time resting spent in this place.
 E = Time spent auto-exploring this place.
 F = Levels seen in this place.
 G = Mean time per level.
                   A        B        C        D        E       F      G
               +--------+--------+--------+--------+--------+-----+--------+
         Total |  47147 |  42809 |   4338 |   4421 |  25375 |  56 |  841.9 |
       Dungeon |  18648 |  16730 |   1918 |   2435 |  10216 |  15 | 1243.2 |
        Temple |     97 |     88 |      9 |      0 |     37 |   1 |   97.0 |
          Lair |   7821 |   6954 |    867 |   1364 |   4160 |   5 | 1564.2 |
         Swamp |   2355 |   2251 |    104 |     47 |   1555 |   4 |  588.8 |
   Spider Nest |   3579 |   3373 |    206 |     33 |   2016 |   4 |  894.8 |
    Slime Pits |    869 |    668 |    201 |      0 |    509 |   5 |  173.8 |
  Orcish Mines |   1808 |   1645 |    163 |     37 |   1203 |   2 |  904.0 |
   Elven Halls |   2118 |   1952 |    166 |     48 |   1030 |   3 |  706.0 |
        Vaults |   4535 |   4142 |    393 |    114 |   2668 |   4 | 1133.8 |
        Depths |   3279 |   3077 |    202 |    190 |   1714 |   4 |  819.8 |
           Zot |    937 |    831 |    106 |    116 |    212 |   5 |  187.4 |
         Abyss |    462 |    462 |      0 |      3 |      0 |   2 |  231.0 |
       Volcano |    234 |    234 |      0 |     27 |      0 |   1 |  234.0 |
        Wizlab |    400 |    400 |      0 |      6 |     53 |   1 |  400.0 |
               +--------+--------+--------+--------+--------+-----+--------+

Top non-repeatable levels by time:
    D:11: 2566 daAuts
     D:8: 2169 daAuts
     D:9: 1929 daAuts
  Lair:2: 1817 daAuts
  Lair:3: 1809 daAuts
    D:10: 1755 daAuts
  Lair:4: 1568 daAuts
Depths:1: 1387 daAuts
     D:5: 1381 daAuts
  Lair:1: 1347 daAuts
     D:7: 1314 daAuts
  Lair:5: 1278 daAuts
Vaults:3: 1271 daAuts
Vaults:2: 1268 daAuts
Spider:4: 1230 daAuts
